 Dungeon Crawl Stone Soup version 0.31-a0-188-g5e087ee2ca (webtiles) character file.

Game seed: 17060245496168840302

94 qw the Shooter (level 4, 0/25 HPs)
             Began as a Deep Elf Hunter on June 23, 2023.
             Frozen to death by an endoplasm (4 damage)
             ... while paralysed by Ijyb
             ... on level 3 of the Dungeon.
             The game lasted 00:00:44 (1684 turns).

qw the Shooter (Deep Elf Hunter)                    Turns: 1684, Time: 00:00:45

Health: 0/25       AC:  7    Str: 10    XL:     4   Next: 38%
Magic:  6/6        EV:  2    Int: 14    God:
Gold:   128        SH:  0    Dex: 18    Spells: 3/3 levels left

rFire   . . .        Y - +0 shortbow
rCold   . . .        (shield currently unavailable)
rNeg    . . .        i - +0 scale mail
rPois   .            (no helmet)
rElec   .            m - +0 cloak
rCorr   .            (no gloves)
SInv    .            (no boots)
Will    .....        (no amulet)
Stlth   +            (no ring)
HPRegen 0.24/turn    (no ring)
MPRegen 0.10/turn

%: no passive effects
@: paralysed
A: no striking features
a: no special abilities


You were on level 3 of the Dungeon.
You visited 1 branch of the dungeon, and saw 3 of its levels.

You collected 128 gold pieces.


   Skills:
 - Level 1.5 Fighting
 + Level 7.8 Ranged Weapons
 - Level 2.4 Dodging
 - Level 1.2 Stealth


You had 3 spell levels left.
You didn't know any spells.
Your spell library was empty.

Inventory:

Hand Weapons
 Y - a +0 shortbow (weapon)
Armour
 i - a +0 scale mail (worn)
 m - a +0 cloak (worn)
Scrolls
 a - a scroll of identify
Potions
 c - a potion of brilliance {unknown}
 d - a potion of cancellation {unknown}
 e - 3 potions of curing {unknown}
 f - a potion of attraction {unknown}
 g - a potion of lignification {unknown}
 h - a potion of haste
 j - a potion of ambrosia {unknown}
 l - a potion of berserk rage {unknown}
 n - a potion of invisibility {unknown}

Dungeon Overview and Level Annotations

Branches:
Dungeon (3/15)

Altars:
Dithmenos

Annotations:
D:3 2 transporters, Grinder, Ijyb


Message History

You shoot an arrow. The arrow barely misses Ijyb.
The endoplasm hits you. Ijyb hits you with a +0 club.
You shoot an arrow. The arrow hits Ijyb but does no damage.
The endoplasm hits you but does no damage.
Ijyb hits you with a +0 club. The endoplasm hits you. Ijyb closely misses you.
1675 ||| DRINKING potion of heal wounds.
You feel much better.
The endoplasm hits you but does no damage.
Ijyb zaps a wand.
You resist with some effort.
You shoot an arrow. The arrow closely misses Ijyb.
The endoplasm hits you but does no damage.
Ijyb hits you with a +0 club.
You shoot an arrow. The arrow hits Ijyb.
Ijyb is lightly wounded.
The endoplasm freezes you.
You are frozen.
Ijyb closely misses you.
You shoot an arrow. The arrow hits Ijyb but does no damage.
Ijyb is lightly wounded.
The endoplasm freezes you.
You are frozen.
Ijyb closely misses you.
You shoot an arrow. The arrow hits Ijyb but does no damage.
Ijyb is lightly wounded.
The endoplasm freezes you.
You are frozen.
Ijyb hits you with a +0 club. Ijyb hits you but does no damage.
The endoplasm barely misses you.
You shoot an arrow. The arrow hits Ijyb but does no damage.
Ijyb is lightly wounded.
The endoplasm freezes you.
You are frozen.
Ijyb zaps a wand.
You resist with some effort.
You shoot an arrow. The arrow barely misses Ijyb.
The endoplasm hits you but does no damage.
Ijyb zaps a wand.
You suddenly lose the ability to move!
The endoplasm freezes you.
You are frozen.
Ijyb hits you with a +0 club.
The endoplasm hits you but does no damage.
Ijyb screams, "I dance on your bones!" Ijyb hits you but does no damage.
The endoplasm freezes you.
You are frozen.
You die...

# #.. #.#...
###.#..#
......# ###
###.#### ......
.... ........
#.#..# .....
.)...... ##
###.#.J##.....~
~~~~~~~. .#
#.....g@......~
..¤¤¤.~. .#
###$#..###+##.~
~~¤~¤5~. .####
#......#
~.¤¤~.~. ....#
#.#..#####
~._.~.~. .####
#.#..# ~...~.~.
.# #.#..####
~~~~~.~. .#
#.#.....#
......~. ## ###
#.#..##.#
~~~~~~~. #.#
#.#...(.#
........


You could see Ijyb and an endoplasm.

Vanquished Creatures
  4 adders (D:2)
  2 worms (D:2)
  2 dart slugs (D:1)
  6 bats
  6 endoplasms
  2 giant cockroaches (D:2)
  3 goblins
  5 hobgoblins
  3 jackals (D:2)
  2 quokkas
  A ball python (D:1)
  3 frilled lizards
  A kobold (D:1)
  7 rats
47 creatures vanquished.

Notes
Turn   | Place    | Note
-------+----------+-------------------------------------------
     0 | D:1      | qw the Deep Elf Hunter began the quest for the Orb.
     0 | D:1      | Reached XP level 1. HP: 12/12 MP: 3/3
     0 | D:1      | 0 ||| qw: Version: 0.3-a-9-g12657ce
     0 | D:1      | 0 ||| qw: Game counter: 4356
     0 | D:1      | 0 ||| qw: Always use a shield: true
     0 | D:1      | 0 ||| qw: God list: Okawaru
     0 | D:1      | 0 ||| qw: Allow faded altars: false
     0 | D:1      | 0 ||| qw: Do Orc after D:15 true
     0 | D:1      | 0 ||| qw: Do second Lair branch before Depths: true
     0 | D:1      | 0 ||| qw: Lair rune preference: random
     0 | D:1      | 0 ||| qw: Plans: Normal
     0 | D:1      | 0 ||| PLANNING D:1-11
   148 | D:1      | Noticed a floating eye
   151 | D:1      | Noticed a floating eye
   156 | D:1      | Found a faded altar of an unknown god.
   158 | D:1      | Noticed a golden eye
   158 | D:1      | Noticed a great orb of eyes
   169 | D:1      | Reached skill level 6 in Ranged Weapons
   169 | D:1      | Reached XP level 2. HP: 16/16 MP: 4/4
   550 | D:1      | 550 ||| UPGRADING to +0 scale mail.
   560 | D:1      | 560 ||| DROPPING +0 leather armour.
   561 | D:1      | 561 ||| DROPPING +6 ring of intelligence.
   562 | D:1      | 562 ||| READING scroll labelled JOSKERU CONE.
   563 | D:1      | 563 ||| READING scroll labelled JEXYUPLUAMOXT.
   566 | D:1      | 566 ||| READING scroll labelled SAOGGY WOALUY.
   597 | D:1      | 597 ||| READING scroll labelled IKISHIJUGEU.
   598 | D:1      | 598 ||| READING scroll labelled XUODGH VUNUGG.
   599 | D:1      | 599 ||| DRINKING 2 golden potions.
   600 | D:1      | 600 ||| DROPPING scroll of butterflies.
   666 | D:2      | Reached XP level 3. HP: 20/20 MP: 5/5
   876 | D:2      | Reached skill level 7 in Ranged Weapons
  1031 | D:2      | Reached XP level 4. HP: 15/25 MP: 6/6
  1391 | D:2      | 1391 ||| UPGRADING to +0 cloak.
  1396 | D:2      | 1396 ||| DROPPING scarf of shadows.
  1397 | D:2      | 1397 ||| READING 3 scrolls labelled XIFEAMM ELIWOY.
  1398 | D:2      | 1398 ||| READING scroll labelled PAIDAE VAYJ.
  1399 | D:2      | 1399 ||| READING scroll labelled TAISEE OPNO.
  1400 | D:2      | 1400 ||| READING 2 scrolls of identify.
  1400 | D:2      | 1400 ||| IDENTIFYING metallic golden potion
  1442 | D:3      | Found a transporter.
  1463 | D:3      | Found a shadowy altar of Dithmenos.
  1470 | D:3      | Noticed Grinder
  1471 | D:3      | Paralysed by Grinder for 5 turns
  1477 | D:3      | HP: 5/25 [Grinder (6)]
  1478 | D:3      | 1478 ||| READING scroll of teleportation.
  1479 | D:3      | 1479 ||| FLEEEEING.
  1480 | D:3      | 1480 ||| FLEEEEING.
  1481 | D:3      | 1481 ||| FLEEEEING.
  1643 | D:3      | Found a transporter.
  1666 | D:3      | Noticed Ijyb
  1669 | D:3      | Paralysed by Ijyb for 4 turns
  1674 | D:3      | HP: 5/25 [endoplasm (2)]
  1675 | D:3      | 1675 ||| DRINKING potion of heal wounds.
  1681 | D:3      | Paralysed by Ijyb for 5 turns
  1682 | D:3      | HP: 5/25 [frozen (5)]
  1684 | D:3      | Frozen to death by an endoplasm

Levels and vault maps discovered:
D:1:      denvon_arrival_planthouse, layout_basic,
          hellmonk_ecumenical_altar_watching_god
D:2:      layout_loops_ring, item_on_display_a
D:3:      gammafunk_steamed_eel, layout_basic, overflow_temple_1_default,
          mainiacjoe_overflow_concentric_impassable, grunt_ministairs_12,
          uniq_crazy_yiuf_cottage, uniq_grinder, uniq_ijyb

Skill      XL: |  1  2  3 |
---------------+----------+-----
Ranged Weapons | 6 7 |  7.8
Fighting       | |  1.5
Dodging        | |  2.4
Stealth        | |  1.2

Action                     |  1- 3 |  4- 6 || total
---------------------------+-------+-------++-------
   Fire: Shortbow          |   120 |    43 ||   163
    Use: Scroll            |     5 |     5 ||    10
         Potion            |     1 |     1 ||     2
 Armour: Leather armour    |     4 |       ||     4
         Scale mail        |    17 |    17 ||    34
  Dodge: Dodged            |    29 |    15 ||    44

Table legend:
 A = Non-vault XP
 B = Vault XP
 C = Vault XP percentage of total XP
 D = Non-vault monster count
 E = Vault monster count
 F = Vault count percentage of total count
                 A         B        C        D         E       F
            +---------+---------+-------+---------+---------+-------
      Total |     132 |       3 |   2.2 |      45 |       2 |   4.3
            +---------+---------+-------+---------+---------+-------
        D:1 |      33 |       0 |   0.0 |      17 |       0 |   0.0
        D:2 |      91 |       0 |   0.0 |      23 |       0 |   0.0
        D:3 |       8 |       3 |  27.3 |       5 |       2 |  28.6
            +---------+---------+-------+---------+---------+-------
